 Dungeon Crawl Stone Soup version 0.26.1-15-g04117e645d (webtiles) character file.

Game seed: 10405404261503656135

2597 Orthodox the Transmogrifier (level 9, -6/70 HPs)
             Began as a Black Draconian Transmuter on Mar 13, 2022.
             Mangled by an ice beast (8 damage)
             ... on level 10 of the Dungeon on Mar 14, 2022.
             The game lasted 00:44:42 (10018 turns).

Orthodox the Transmogrifier (DrTm)                 Turns: 10018, Time: 00:44:43

Health: -6/70      AC:  7    Str: 12    XL:     9   Next: 33%
Magic:  13/16      EV: 12    Int: 18    God:
Gold:   483        SH:  0    Dex:  9    Spells: 2/17 levels left

rFire    . . .     SeeInvis .     - Unarmed
rCold    . . .     Faith    .   (shield currently unavailable)
rNeg     . . .     Spirit   .   (armour unavailable)
rPois    .         Reflect  .   (helmet restricted)
rElec    +         Harm     .   (no cloak)
rCorr    .         Rampage  .   (gloves currently unavailable)
Will     .....                  (no boots)
Stlth    +.........             (no amulet)
HPRegen  0.21/turn              (no ring)
MPRegen  0.15/turn              (no ring)

@: blade hands, attractive, flying, hasted and slowed
A: breathe lightning, unfitting armour, stinger 1, talons 1, clumsy 1,
electricity resistance, evolution 1, cold-blooded, AC +7
a: Breathe Lightning, End Transformation


You were on level 10 of the Dungeon.
You had blades for hands.
You visited 2 branches of the dungeon, and saw 9 of its levels.

You collected 483 gold pieces.

Inventory:

Missiles
 g - 2 throwing nets {!f}
Jewellery
 p - an uncursed ring of ice
 s - an uncursed ring of fire
Wands
 k - a wand of enslavement (15)
 w - a wand of flame (12)
Scrolls
 a - a scroll of magic mapping
 d - a scroll of identify {@r1}
 h - a scroll of noise
 i - a scroll of enchant weapon
 j - 8 scrolls of remove curse {@r2}
 o - a scroll of fear
 v - a scroll of teleportation
Potions
 b - 2 potions of lignification
 c - 4 potions of magic
 e - 6 potions of curing {@q1}
 f - a potion of mutation
 l - 2 potions of haste
 m - a potion of cancellation
 r - a potion of ambrosia {unknown}
 u - a potion of resistance {unknown}


   Skills:
 + Level 3.5 Fighting
 - Level 1.7 Dodging
 + Level 4.0 Unarmed Combat
 - Level 4.7 Spellcasting
 - Level 11.0 Transmutations


You had 2 spell levels left.
You knew the following spells:

 Your Spells              Type           Power        Failure   Level
a - Beastly Appendage     Tmut           88%          8%          1
b - Wereblood             Tmut           44%          9%          2
c - Spider Form           Tmut/Pois      12%          30%         3
d - Blade Hands           Tmut           22%          30%         5
e - Ice Form              Ice/Tmut       24%          54%         4

Your spell library contained the following spells:

 Spells                   Type           Power        Failure   Level
 Animate Skeleton         Necr           8%           54%         1
 Apportation              Tloc           8%           54%         1
 Corona                   Hex            4%           54%         1
 Summon Small Mammal      Summ           16%          54%         1


Dungeon Overview and Level Annotations

Branches:
Dungeon (7/15)             Temple (1/1) D:5

Altars:
Ashenzari
Elyvilon
Fedhas
Kikubaaqudgha
Makhleb
Nemelex Xobeh
Okawaru
Uskayaw
Vehumet
Wu Jian
Xom
Yredelemnul
Zin
The Shining One

Annotations:
D:2 1 runed translucent door, Crazy Yiuf
D:5 3 runed translucent doors, Cheivey's ghost, novice GnFi


Innate Abilities, Weirdness & Mutations

You can breathe wild blasts of lightning.
Your glossy black scales are hard. (AC +7)
You cannot fit into any form of body armour.
You are resistant to electric shocks. (rElec)
You are cold-blooded and may be slowed by cold attacks.
Your tail ends in a poisonous barb.
You have sharp toenails.
You are clumsy. (Dex -2)
You evolve.


Message History

It was a potion of mutation.
You feel extremely strange.
You feel clumsy.
A poisonous barb forms on the end of your tail.
You feel nature experimenting on you.
Don't worry, failures die fast.
Your toenails lengthen and sharpen.
You feel yourself speed up.
It was a potion of attraction.
You feel attractive to monsters. The ice beast is pulled toward you!
The kobold is pulled toward you!
It was a potion of flight.
You feel very buoyant.
You fly up into the air.
The ice beast is pulled toward you! The kobold is pulled toward you!
As you read the scroll labelled VANNUPPOCO, it crumbles to dust.
The creatures around you are filled with an inner flame!
It was a scroll of immolation.
The ice beast hits you.
* * * LOW HITPOINT WARNING * * *
The ice beast freezes you!
You feel yourself slow down.
You die...

# ..## K. ..## #.
########K#########.####
.......@Y..†()K)KK....
#########.#.#####...###
#...##.........
###....K.......
####(........
####...### ..# .# #


You could see an ice beast (inner flame) and 2 kobolds.

Vanquished Creatures
  A gargoyle (D:10)
  Grinder (D:5)
  Sigmund (D:2)
  An ice beast (D:5)
  A sky beast (D:6)
  4 ogres
  A phantom (D:4)
  A centaur (D:5)
  A big kobold (D:10)
  3 bullfrogs (D:6)
  3 scorpions
  A howler monkey (D:6)
  A jelly (D:7)
  A quasit (D:6)
  An orc priest (D:3)
  2 hounds (D:6)
  2 orc wizards
  2 iguanas
  2 bullfrog skeletons
  6 worker ants
  A hound skeleton (D:4)
  A worker ant zombie (D:6)
  6 gnolls
  10 adders
  3 white imps
  An ufetubus (D:6)
  3 adder skeletons
  2 worms (D:2)
  A dart slug (D:2)
  5 leopard geckos
  12 orcs
  9 giant cockroaches
  8 goblins
  5 hobgoblins
  8 jackals
  9 kobolds
  A quokka (D:10)
  4 ball pythons
  13 bats
  4 frilled lizards
  16 rats
158 creatures vanquished.

Vanquished Creatures (others)
  3 fungi (D:5)
  A plant (D:5)
4 creatures vanquished.

Grand Total: 162 creatures vanquished

Notes
Turn   | Place    | Note
-------+----------+-------------------------------------------
     0 | D:1      | Orthodox the Draconian Transmuter began the quest for the
                  | Orb.
     0 | D:1      | Reached XP level 1. HP: 16/16 MP: 3/3
   416 | D:1      | Reached XP level 2. HP: 23/23 MP: 1/5
   793 | D:1      | Learned a level 2 spell: Wereblood
   916 | D:1      | Reached XP level 3. HP: 21/29 MP: 6/6
  1561 | D:2      | Learned a level 3 spell: Spider Form
  1642 | D:2      | Found a runed translucent door.
  1643 | D:2      | Noticed Crazy Yiuf
  1905 | D:2      | Reached skill level 3 in Transmutations
  2315 | D:2      | Reached XP level 4. HP: 32/36 MP: 5/8
  2678 | D:2      | Noticed Sigmund
  2691 | D:2      | Killed Sigmund
  2692 | D:2      | Reached skill level 4 in Transmutations
  2692 | D:2      | Reached XP level 5. HP: 7/41 MP: 6/10
  3431 | D:3      | Learned a level 5 spell: Blade Hands
  3519 | D:3      | Reached XP level 6. HP: 43/48 MP: 11/11
  3579 | D:3      | Reached skill level 5 in Transmutations
  4069 | D:3      | Found a hide-covered altar of Uskayaw.
  4605 | D:4      | Reached skill level 6 in Transmutations
  4605 | D:4      | Your scales start taking on a glossy black colour.
  4605 | D:4      | Reached XP level 7. HP: 55/55 MP: 9/13
  4605 | D:4      | Gained mutation: You are resistant to electric shocks.
                  | (rElec) [Black Draconian growth]
  5658 | D:4      | Learned a level 4 spell: Ice Form
  6048 | D:5      | Entered Level 5 of the Dungeon
  6072 | D:5      | Reached skill level 7 in Transmutations
  6162 | D:5      | Found a runed translucent gate.
  6163 | D:5      | Found a runed translucent gate.
  6164 | D:5      | Found a runed translucent gate.
  6164 | D:5      | Noticed Cheivey's ghost (novice GnFi)
  6293 | D:5      | Found a staircase to the Ecumenical Temple.
  6355 | D:5      | Noticed Grinder
  6368 | Temple   | Entered the Ecumenical Temple
  6771 | D:5      | Killed Grinder
  6772 | D:5      | Reached XP level 8. HP: 28/63 MP: 10/15
  7145 | D:5      | Found an iron altar of Okawaru.
  7499 | D:5      | Found a broken altar of Ashenzari.
  7499 | D:5      | Found a sparkling altar of Nemelex Xobeh.
  7505 | D:5      | Found a white marble altar of Elyvilon.
  7507 | D:5      | Found a faded altar of an unknown god.
  7509 | D:5      | Found a faded altar of an unknown god.
  7926 | D:6      | Reached skill level 8 in Transmutations
  8141 | D:6      | Found a basalt altar of Yredelemnul.
  8192 | D:6      | Found a blossoming altar of Fedhas.
  8321 | D:6      | Reached skill level 9 in Transmutations
  9258 | D:6      | Reached skill level 10 in Transmutations
  9258 | D:6      | Reached XP level 9. HP: 53/70 MP: 10/16
  9958 | D:7      | You fall into a shaft and drop 3 floors!
  9958 | D:10     | Entered Level 10 of the Dungeon
  9980 | D:10     | Noticed a gargoyle
 10008 | D:10     | Killed a gargoyle
 10009 | D:10     | Reached skill level 11 in Transmutations
 10015 | D:10     | Gained mutation: You are clumsy. (Dex -2) [potion of
                  | mutation]
 10015 | D:10     | Gained mutation: Your tail ends in a poisonous barb.
                  | [potion of mutation]
 10015 | D:10     | Gained mutation: You evolve. [potion of mutation]
 10015 | D:10     | Gained mutation: You have sharp toenails. [potion of
                  | mutation]
 10018 | D:10     | HP: 2/70 [ice beast (4)]
 10018 | D:10     | Mangled by an ice beast

Illustrated notes

Levels and vault maps discovered:
D:1:      dpeg_arrival_windows_large_door, layout_loops_corners,
          wander_ebering_terrifying_dragon_lair
D:2:      layout_loops_corners, uniq_sigmund, uniq_crazy_yiuf_cottage
D:3:      layout_rooms, lemuel_doored_altar
D:4:      layout_loops_ring, serial_rivers, chequers_serial_rivers_small_b,
          chequers_serial_rivers_micro_b, chequers_serial_rivers_micro_a,
          chequers_serial_rivers_large_b, chequers_serial_rivers_marsh,
          chequers_serial_rivers_room_a
D:5:      layout_loops_ring, chequers_temple_overflow_minitemple,
          minmay_temple_entry_grid, portal_sewer_entry_b,
          gammafunk_ghost_nasty_kobolds, kennysheep_okawaru_gauntlet,
          uniq_grinder
D:6:      minmay_razor_zed, layout_loops_corners, lemuel_crystal_altar,
          fedhas_altar_4
D:7:      layout_rooms, nzn_overflow_gifts_of_might_and_magic,
          gammafunk_temple_overflow_elements, guppyfry_shop_venom
D:10:     minmay_the_grid_3x2 [minmay_the_grid_minigrid_small_alt,
          minmay_the_grid_stretched_grid, minmay_the_grid_diamond_grid,
          minmay_the_grid_zigzag_pyramid, minmay_the_grid_minigrid_medium,
          minmay_the_grid_prize_four_corners_diamond_a], layout_loops_ring,
          nicolae_dithmenos_through_a_glass_darkly
Temple:   jpeg_temple_island

Skill      XL: |  1  2  3  4  5  6  7  8  9 |
---------------+----------------------------+-----
Fighting       | 2 3 |  3.5
Transmutations | 3 4 6 7 10 11 | 11.0
Spellcasting   | 3 4 |  4.7
Unarmed Combat | 4 |  4.0
Dodging        | |  1.7

Action                   |  1- 3 |  4- 6 |  7- 9 || total
-------------------------+-------+-------+-------++-------
Melee: Unarmed           |   132 |   108 |   328 ||   568
       Tailslap          |    12 |     6 |    22 ||    40
       Headbutt          |     8 |     9 |     5 ||    22
       Kick              |    11 |    17 |    13 ||    41
       Punch             |       |     2 |     2 ||     4
 Cast: Beastly Appendage |    28 |    18 |    15 ||    61
       Spider Form       |       |     5 |    22 ||    27
       Blade Hands       |       |       |    15 ||    15
  Use: Scroll            |     3 |       |    13 ||    16
       Potion            |       |       |     4 ||     4
 Stab: Sleeping          |     1 |     1 |       ||     2
Armor: Skin              |    59 |    24 |    45 ||   128
Dodge: Dodged            |    95 |    63 |   216 ||   374
